 Seeded DCSS version 0.30.0-10-gfe55d96785 (webtiles) character file.

Game seed: 6734660168287697571 (custom seed)

55 Pimp the Shooter (level 3, 0/21 HPs)
             Began as a Deep Elf Hunter on May 13, 2023.
             Slain by a cerulean imp
             ... wielding a +1 spear
             ... summoned by Natasha
              (1 damage)
             ... on level 2 of the Dungeon.
             The game lasted 00:02:16 (926 turns).

Pimp the Shooter (Deep Elf Hunter)                   Turns: 926, Time: 00:02:17

Health: 0/21       AC:  3    Str:  8    XL:     3   Next: 67%
Magic:  14/14      EV: 13    Int: 13    God:
Gold:   66         SH:  0    Dex: 23    Spells: 2/2 levels left

rFire   + . .        a - +0 shortbow
rCold   x . .        (shield currently unavailable)
rNeg    . . .        c - +0 leather armour
rPois   +            (no helmet)
rElec   .            (no cloak)
rCorr   .            (no gloves)
SInv    .            (no boots)
Will    +....        (no amulet)
Stlth   ++           k - ring of magical power
HPRegen 0.23/turn    l - ring of Wishful Thinking {Fire rPois Will+ Dex+3}
MPRegen 0.14/turn

%: no passive effects
@: no status effects
A: no striking features
a: no special abilities


You were on level 2 of the Dungeon.
You visited 1 branch of the dungeon, and saw 2 of its levels.

You collected 66 gold pieces.

Inventory:

Hand Weapons
 a - a +0 shortbow (weapon)
Armour
 c - a +0 leather armour (worn)
Jewellery
 k - a ring of magical power (left hand)
 l - the ring of Wishful Thinking (right hand) {Fire rPois Will+ Dex+3}
   (You acquired it on level 2 of the Dungeon)

   [ring of fire]

   It enhances your fire magic.
   Dex:       It affects your dexterity (+3).
   rF:        It protects you from fire.
   rC:        It makes you vulnerable to cold.
   rPois:     It protects you from poison.
   Will:      It increases your willpower.
Wands
 e - a wand of roots (3)
Scrolls
 b - 3 scrolls of immolation
Potions
 d - a potion of curing {unknown}
 f - a potion of ambrosia {unknown}
 g - 2 potions of magic {unknown}
 h - a potion of might {unknown}
 i - a potion of attraction {unknown}
 j - a potion of flight {unknown}


   Skills:
 + Level 2.1 Fighting
 * Level 5.8 Ranged Weapons
 + Level 3.2 Dodging
 + Level 2.5 Stealth


You had 2 spell levels left.
You didn't know any spells.
Your spell library contained the following spells:

 Spells                   Type           Power      Damage    Failure   Level
 Ensorcelled Hibernation  Hex/Ice        0%         N/A       56%         2
 Passwall                 Tmut/Erth      0%         N/A       56%         2
 Swiftness                Air            0%         N/A       80%         3
 Tukima's Dance           Hex            0%         N/A       80%         3
 Passage of Golubria      Tloc           0%         N/A       99%         4
 Yara's Violent Unravell  Hex/Tmut       0%         3d3       100%        5


Dungeon Overview and Level Annotations

Branches:
Dungeon (2/15)

Altars:

Annotations:
D:2 Natasha


Message History

You shoot an arrow. The arrow hits the cerulean imp!
The cerulean imp is severely wounded.
Natasha casts a spell at you.
You easily resist.
You shoot an arrow. The arrow misses the cerulean imp.
The cerulean imp hits you but does no damage.
You shoot an arrow.
The arrow closely misses the cerulean imp.
The arrow hits Natasha.
Natasha is lightly wounded.
The cerulean imp hits you but does no damage.
You shoot an arrow.
The arrow hits the cerulean imp but does no damage.
The cerulean imp is severely wounded.
Natasha howls an incantation.
Natasha's front paws start to glow.
The cerulean imp hits you from afar with a +0 spear.
You shoot an arrow. The arrow hits the cerulean imp.
The cerulean imp is severely wounded.
The cerulean imp hits you but does no damage. x2
Natasha mumbles some strange words.
You shoot an arrow. The arrow misses Natasha.
The cerulean imp hits you from afar with a +0 spear.
Natasha casts a spell at you. The magic dart hits you!
The cerulean imp barely misses you.
You shoot an arrow. The arrow hits Natasha!
Natasha is severely wounded.
The cerulean imp barely misses you. The cerulean imp closely misses you.
Natasha mumbles some strange words.
Natasha shimmers violently.
Natasha casts a spell at you. The magic dart hits you.
Natasha casts a spell.
The cerulean imp barely misses you.
The cerulean imp hits you but does no damage.
Natasha casts a spell at you. The magic dart hits you!
* * * LOW HITPOINT WARNING * * *
The cerulean imp hits you from afar with a +1 spear.
You die...

#.. #....... .. ..
#######...####... . #.
###................
..###.###..........5.......
.....##.#...............#
..##.#.##.#######.h5####.##
#.........# #...........#
####.#.#### #....5........
# #.#.# #[.@......#### ..
..#.########[#.........
.(..##.......##.#...#..##.
....##..####.##.#...#.... .
...........#.##.........P.
....##......>.....####.P♣.
... #.......####.# P_ ##
#..#.#..# .# #.......#


You could see Natasha (empowered) and 3 cerulean imps.

Vanquished Creatures
  2 dart slugs
  4 ball pythons (D:1)
  4 bats (D:1)
  3 endoplasms (D:1)
  5 giant cockroaches
  2 hobgoblins (D:1)
  8 jackals (D:1)
  3 kobolds (D:1)
  5 quokkas (D:1)
  2 frilled lizards (D:1)
  3 goblins (D:1)
  4 rats (D:1)
45 creatures vanquished.

Notes
Turn   | Place    | Note
-------+----------+-------------------------------------------
     0 | D:1      | Pimp the Deep Elf Hunter began the quest for the Orb.
     0 | D:1      | Reached XP level 1. HP: 12/12 MP: 3/3
    89 | D:1      | Reached XP level 2. HP: 17/17 MP: 4/4
   251 | D:1      | Reached XP level 3. HP: 21/21 MP: 5/5
   793 | D:2      | Identified a scroll of acquirement
   793 | D:2      | Acquired the ring of Wishful Thinking {Fire rPois Will+
                  | Dex+3}
   913 | D:2      | Noticed Natasha
   916 | D:2      | Found a faded altar of an unknown god.
   926 | D:2      | HP: 1/21 [Natasha/magic dart (7)]
   926 | D:2      | Slain by a cerulean imp

Illustrated notes

Levels and vault maps discovered:
D:1:      ncdulo_halloftheorcs, layout_basic, minmay_bisected
D:2:      layout_loops_cross, ebering_ecumenical_altar_petrified,
          grunt_decor_clamped, uniq_natasha

Skill      XL: |  1  2 |
---------------+-------+-----
Stealth        | 2 |  2.5
Dodging        | 3 |  3.2
Fighting       | 2 |  2.1
Ranged Weapons | |  5.8

Action                     || total
---------------------------++-------
   Fire: Shortbow          ||   118
    Use: Scroll            ||     3
 Armour: Leather armour    ||    26
  Dodge: Dodged            ||    30
